Workbook

Sheet MEMÓRIAL DE CÁLCULO
A1: PREFEITURA MUNICIPAL DE FELISBURGO CNPJ 18.083.071/0001-60
A2: MEMÓRIA DE CÁLCULO
A3: PREFEITURA: PREFEITURA MUNICIPAL DE FELISBURGO-MG
A4: OBJETO: PAVIMENTAÇÃO EM BLOCO SEXTAVADO EM VIAS DO PERÍMETRO URBANO NO MUNICÍPIO DE FELISBURGO-MG | H4: DATA: | I4: =TODAY() -> 46225
A5: LOCAL: RUA RIO BRANCO, RUA JOSÉ CAMPOS, RUA MANAUS, RUA BELÉM E RUA ISNALDO ALVES FERREIRA, BAIRRO CIDADE NOVA; RUA TEREZINA, BAIRRO BELA VISTA, FELISBURGO-MG | F5: FORMA DE EXECUÇÃO:
A6: (REGIÃO/MÊS DE REFERÊNCIA): SINAPI-MG 04/2026 NÃO DESONERADO // SICOR-MG JEQUITINHONHA E MUCURI 01/2026 NÃO DESONERADO | F6: ( ) | G6: DIRETA | H6: (X) | I6: INDIRETA
A7: PRAZO DE EXECUÇÃO: 04 MESES | H7: BDI | I7: =BDI!D22 -> 0.244
A8: ITEM | B8: FONTE | C8: CÓDIGO | D8: DESCRIÇÃO | E8: UNIDADE | F8: QUANTIDADE | G8: DESCRIÇÃO MEMÓRIA DE CÁLCULO
A9: 1 | D9: SERVIÇOS PRELIMINARES
A10: 1.1 | B10: SINAPI | C10: 103689 | D10: FORNECIMENTO E INSTALAÇÃO DE PLACA DE OBRA COM CHAPA GALVANIZADA E ESTRUTURA DE MADEIRA. AF_03/2022_PS | E10: M2 | F10: =ROUND((1.5*3),2) -> 4.5 | G10: ((1,5 m X 3,00 m) = Dimensões da placa da obra)
A11: 1.2 | B11: SICOR-MG | C11: ED-50276 | D11: LOCAÇÃO TOPOGRÁFICA ACIMA DE CINQUENTA (50) PONTOS REFERENCIAIS, INCLUSIVE ESTACA (PIQUETE) DE MARCAÇÃO | E11: UNID | F11: =ROUND((F20/20),0) -> 38 | G11: (62,98+2,34+61,28 M COMPRIMENTO TOTAL SARJETAS RUA RIO BRANCO + 2,38+62,14+2,37+61,95 M COMPRIMENTO TOTAL SARJETAS RUA JOSÉ CAMPOS + 2,35+61,83+2,36+61,99 M COMPRIMENTO TOTAL SARJETAS RUA MANAUS + 2,35+62,53+2,36+62,59 M COMPRIMENTO TOTAL SARJETAS RUA BELÉM + 2,34+63,4+2,38+63,51 M COMPRIMENTO TOTAL SARJETAS RUA ISNALDO ALVES FERREIRA + 59,04+59,04 M COMPRIMENTO TOTAL SARJETAS RUA TEREZINA) / 20 (CONSIDERANDO LOCAÇÃO DE PONTOS A CADA 20,00 M))
A12: 2 | D12: TERRAPLANAGEM | K12: RUA RIO BRANCO | L12: RUA JOSE CAMPOS | M12: RUA MANAUS | N12: RUA BELÉM | O12: RUA ISNALDO | P12: RUA TEREZINA | Q12: TOTAL
A13: 2.1 | B13: SINAPI | C13: 100576 | D13: REGULARIZAÇÃO E COMPACTAÇÃO DE SUBLEITO DE SOLO PREDOMINANTEMENTE ARGILOSO, PARA OBRAS DE CONSTRUÇÃO DE PAVIMENTOS. AF_09/2024 | E13: M2 | F13: =ROUND((379.77+386.3+385.5+389.37+394.74+413.26),2) -> 2348.94 | G13: (379,77 m² RUA RIO BRANCO + 386,30 m² RUA JOSÉ CAMPOS + 385,50 m² RUA MANAUS + 389,37 m² RUA BELÉM + 394,74 m² RUA ISNALDO ALVES FERREIRA + 413,26 m² RUA TEREZINA) = ÁREA TOTAL DAS VIAS | J13: REG | K13: 379.77 | L13: 386.3 | M13: 385.5 | N13: 389.37 | O13: 394.74 | P13: 413.26 | Q13: =ROUND(SUM(K13:P13),2) -> 2348.94 | R13: =Q13-F13 -> 0
A14: 2.2 | B14: SINAPI | C14: 101124 | D14: ESCAVAÇÃO HORIZONTAL, INCLUINDO CARGA E DESCARGA EM SOLO DE 1A CATEGORIA COM TRATOR DE ESTEIRAS (100HP/LÂMINA: 2,19M3). AF_07/2020 | E14: M3 | F14: =ROUND((F13*0.1),2) -> 234.89 | G14: (379,77 m² RUA RIO BRANCO + 386,30 m² RUA JOSÉ CAMPOS + 385,50 m² RUA MANAUS + 389,37 m² RUA BELÉM + 394,74 m² RUA ISNALDO ALVES FERREIRA + 413,26 m² RUA TEREZINA) = ÁREA TOTAL DAS VIAS) X 0,10 m ESPESSURA DA BASE DE SOLO | J14: BASE | K14: =ROUND((K13*0.1),2) -> 37.98 | L14: =ROUND((L13*0.1),2) -> 38.63 | M14: =ROUND((M13*0.1),2) -> 38.55 | N14: =ROUND((N13*0.1),2) -> 38.94 | O14: =ROUND((O13*0.1),2) -> 39.47 | P14: =ROUND((P13*0.1),2) -> 41.33 | Q14: =ROUND(SUM(K14:P14),2) -> 234.9 | R14: =Q14-F16 -> 0.01
A15: 2.3 | B15: SINAPI | C15: 95425 | D15: TRANSPORTE COM CAMINHÃO BASCULANTE DE 18 M³, EM VIA URBANA EM LEITO NATURAL (UNIDADE: M3XKM). AF_07/2020 | E15: M3XKM | F15: =ROUND((F14*4.8),2) -> 1127.47 | G15: (379,77 m² RUA RIO BRANCO + 386,30 m² RUA JOSÉ CAMPOS + 385,50 m² RUA MANAUS + 389,37 m² RUA BELÉM + 394,74 m² RUA ISNALDO ALVES FERREIRA + 413,26 m² RUA TEREZINA) = ÁREA TOTAL DAS VIAS) X 0,10 m ESPESSURA DA BASE DE SOLO X 4,80 KM DISTÂNCIA DA JAZIDA ATÉ AS VIAS | J15: TRANSPORTE | K15: =ROUND((K14*4.8),2) -> 182.3 | L15: =ROUND((L14*4.8),2) -> 185.42 | M15: =ROUND((M14*4.8),2) -> 185.04 | N15: =ROUND((N14*4.8),2) -> 186.91 | O15: =ROUND((O14*4.8),2) -> 189.46 | P15: =ROUND((P14*4.8),2) -> 198.38 | Q15: =ROUND((Q14*4.8),2) -> 1127.52 | R15: =Q15-F15 -> 0.05
A16: 2.4 | B16: SINAPI | C16: 101767 | D16: CONSTRUÇÃO DE BASE E SUB-BASE PARA PAVIMENTAÇÃO DE SOLO ESTABILIZADO GRANULOMETRICAMENTE COM MISTURA DE SOLOS EM PISTA - EXCLUSIVE SOLO, ESCAVAÇÃO, CARGA E TRANSPORTE. AF_09/2024 | E16: M3 | F16: =F14 -> 234.89 | G16: (379,77 m² RUA RIO BRANCO + 386,30 m² RUA JOSÉ CAMPOS + 385,50 m² RUA MANAUS + 389,37 m² RUA BELÉM + 394,74 m² RUA ISNALDO ALVES FERREIRA + 413,26 m² RUA TEREZINA) = ÁREA TOTAL DAS VIAS) X 0,10 m ESPESSURA DA BASE DE SOLO | J16: SARJETA | K16: =ROUND((62.98+2.34+61.28),2) -> 126.6 | L16: =ROUND((2.38+62.14+2.37+61.95),2) -> 128.84 | M16: =ROUND((2.35+61.83+2.36+61.99),2) -> 128.53 | N16: =ROUND((2.35+62.53+2.36+62.59),2) -> 129.83 | O16: =ROUND((2.34+63.4+2.38+63.51),2) -> 131.63 | P16: =ROUND((59.04+59.04),2) -> 118.08 | Q16: =ROUND(SUM(K16:P16),2) -> 763.51 | R16: =Q16-F20 -> 0
A17: 3 | D17: PAVIMENTAÇÃO | J17: MEIO FIO | K17: =ROUND((K16+7.47),2) -> 134.07 | L17: =ROUND((L16+9.05),2) -> 137.89 | M17: =ROUND((M16+9),2) -> 137.53 | N17: =ROUND((N16+9),2) -> 138.83 | O17: =ROUND((O16+9),2) -> 140.63 | P17: =ROUND((P16+7+7),2) -> 132.08 | Q17: =ROUND(SUM(K17:P17),2) -> 821.03 | R17: =Q17-F21 -> 0
A18: 3.1 | B18: SINAPI | C18: 92394 | D18: EXECUÇÃO DE PAVIMENTO EM PISO INTERTRAVADO, COM BLOCO SEXTAVADO DE 25 X 25 CM, ESPESSURA 8 CM. AF_10/2022 | E18: M2 | F18: =ROUND((322.64+327.99+327.34+330.62+335.2+360.12),2) -> 2003.91 | G18: (322,64 m² RUA RIO BRANCO + 327,99 m² RUA JOSÉ CAMPOS + 327,34 m² RUA MANAUS + 330,62 m² RUA BELÉM + 335,20 m² RUA ISNALDO ALVES FERREIRA + 360,12 m² RUA TEREZINA) = ÁREA TOTAL DE PAVIMENTAÇÃO DAS VIAS | J18: PAVIMENTAÇÃO | K18: 322.64 | L18: 327.99 | M18: 327.34 | N18: 330.62 | O18: 335.2 | P18: 360.12 | Q18: =ROUND(SUM(K18:P18),2) -> 2003.91 | R18: =Q18-F18 -> 0
A19: 4 | D19: OBRAS COMPLEMENTARES DE PAVIMENTAÇÃO
A20: 4.1 | B20: SINAPI | C20: 94289 | D20: EXECUÇÃO DE SARJETA DE CONCRETO USINADO, MOLDADA IN LOCO EM TRECHO RETO, 45 CM BASE X 10 CM ALTURA. AF_01/2024 | E20: M | F20: =ROUND((62.98+2.34+61.28),2)+ROUND((2.38+62.14+2.37+61.95),2)+ROUND((2.35+61.83+2.36+61.99),2)+ROUND((2.35+62.53+2.36+62.59),2)+ROUND((2.34+63.4+2.38+63.51),2)+ROUND((59.04+59.04),2) -> 763.51 | G20: (62,98+2,34+61,28 M COMPRIMENTO TOTAL SARJETAS RUA RIO BRANCO + 2,38+62,14+2,37+61,95 M COMPRIMENTO TOTAL SARJETAS RUA JOSÉ CAMPOS + 2,35+61,83+2,36+61,99 M COMPRIMENTO TOTAL SARJETAS RUA MANAUS + 2,35+62,53+2,36+62,59 M COMPRIMENTO TOTAL SARJETAS RUA BELÉM + 2,34+63,4+2,38+63,51 M COMPRIMENTO TOTAL SARJETAS RUA ISNALDO ALVES FERREIRA + 59,04+59,04 M COMPRIMENTO TOTAL SARJETAS RUA TEREZINA)
A21: 4.2 | B21: SINAPI | C21: 94273 | D21: ASSENTAMENTO DE GUIA (MEIO-FIO) EM TRECHO RETO, CONFECCIONADA EM CONCRETO PRÉ-FABRICADO, DIMENSÕES 100X15X13X30 CM (COMPRIMENTO X BASE INFERIOR X BASE SUPERIOR X ALTURA). AF_01/2024 | E21: M | F21: =ROUND((62.98+2.34+61.28+7.47),2)+ROUND((2.38+62.14+2.37+61.95+9.05),2)+ROUND((2.35+61.83+2.36+61.99+9),2)+ROUND((2.35+62.53+2.36+62.59+9),2)+ROUND((2.34+63.4+2.38+63.51+9),2)+ROUND((59.04+59.04+7+7),2) -> 821.03 | G21: (62,98+2,34+61,28+7,47 M COMPRIMENTO TOTAL MEIO-FIO RUA RIO BRANCO + 2,38+62,14+2,37+61,95+9,05 M COMPRIMENTO TOTAL MEIO-FIO RUA JOSÉ CAMPOS + 2,35+61,83+2,36+61,99+9 M COMPRIMENTO TOTAL MEIO-FIO RUA MANAUS + 2,35+62,53+2,36+62,59+9 M COMPRIMENTO TOTAL MEIO-FIO RUA BELÉM + 2,34+63,4+2,38+63,51+9 M COMPRIMENTO TOTAL MEIO-FIO RUA ISNALDO ALVES FERREIRA + 59,04+59,04+7+7 M COMPRIMENTO TOTAL MEIO-FIO RUA TEREZINA)
M23: =SUM(M12:M21) -> 1202.49

Sheet PLANILHA ORÇAMENTÁRIA
A1: PREFEITURA MUNICIPAL DE FELISBURGO CNPJ 18.083.071/0001-60
A2: PLANILHA ORÇAMENTÁRIA DE CUSTOS
A3: ='MEMÓRIAL DE CÁLCULO'!A3:F3 -> PREFEITURA: PREFEITURA MUNICIPAL DE FELISBURGO-MG
A4: ='MEMÓRIAL DE CÁLCULO'!A4:F4 -> OBJETO: PAVIMENTAÇÃO EM BLOCO SEXTAVADO EM VIAS DO PERÍMETRO URBANO NO MUNICÍPIO DE FELISBURGO-MG | G4: ='MEMÓRIAL DE CÁLCULO'!H4 -> DATA: | H4: ='MEMÓRIAL DE CÁLCULO'!I4 -> 46225
A5: ='MEMÓRIAL DE CÁLCULO'!A5:E5 -> LOCAL: RUA RIO BRANCO, RUA JOSÉ CAMPOS, RUA MANAUS, RUA BELÉM E RUA ISNALDO ALVES FERREIRA, BAIRRO CIDADE NOVA; RUA TEREZINA, BAIRRO BELA VISTA, FELISBURGO-MG | F5: ='MEMÓRIAL DE CÁLCULO'!F5:I5 -> FORMA DE EXECUÇÃO:
A6: ='MEMÓRIAL DE CÁLCULO'!A6:E6 -> (REGIÃO/MÊS DE REFERÊNCIA): SINAPI-MG 04/2026 NÃO DESONERADO // SICOR-MG JEQUITINHONHA E MUCURI 01/2026 NÃO DESONERADO | F6: ='MEMÓRIAL DE CÁLCULO'!F6:F7 -> ( ) | G6: ='MEMÓRIAL DE CÁLCULO'!G6:G7 -> DIRETA | H6: ='MEMÓRIAL DE CÁLCULO'!H6 -> (X) | I6: ='MEMÓRIAL DE CÁLCULO'!I6 -> INDIRETA
A7: ='MEMÓRIAL DE CÁLCULO'!A7:E7 -> PRAZO DE EXECUÇÃO: 04 MESES | H7: ='MEMÓRIAL DE CÁLCULO'!H7 -> BDI | I7: ='MEMÓRIAL DE CÁLCULO'!I7 -> 0.244
A8: ='MEMÓRIAL DE CÁLCULO'!A8 -> ITEM | B8: ='MEMÓRIAL DE CÁLCULO'!B8 -> FONTE | C8: ='MEMÓRIAL DE CÁLCULO'!C8 -> CÓDIGO | D8: ='MEMÓRIAL DE CÁLCULO'!D8 -> DESCRIÇÃO | E8: ='MEMÓRIAL DE CÁLCULO'!E8 -> UNIDADE | F8: ='MEMÓRIAL DE CÁLCULO'!F8 -> QUANTIDADE | G8: PREÇO UNITÁRIO S/ BDI | H8: PREÇO UNITÁRIO C/ BDI | I8: PREÇO TOTAL
A9: ='MEMÓRIAL DE CÁLCULO'!A9 -> 1 | B9: ='MEMÓRIAL DE CÁLCULO'!B9 -> 0 | C9: ='MEMÓRIAL DE CÁLCULO'!C9 -> 0 | D9: ='MEMÓRIAL DE CÁLCULO'!D9 -> SERVIÇOS PRELIMINARES | E9: ='MEMÓRIAL DE CÁLCULO'!E9 -> 0 | I9: =ROUND((SUM(I10:I11)),2) -> 4199.91
A10: ='MEMÓRIAL DE CÁLCULO'!A10 -> 1.1 | B10: ='MEMÓRIAL DE CÁLCULO'!B10 -> SINAPI | C10: ='MEMÓRIAL DE CÁLCULO'!C10 -> 103689 | D10: ='MEMÓRIAL DE CÁLCULO'!D10 -> FORNECIMENTO E INSTALAÇÃO DE PLACA DE OBRA COM CHAPA GALVANIZADA E ESTRUTURA DE MADEIRA. AF_03/2022_PS | E10: ='MEMÓRIAL DE CÁLCULO'!E10 -> M2 | F10: ='MEMÓRIAL DE CÁLCULO'!F10 -> 4.5 | G10: 377.85 | H10: =ROUND((G10*(1+$I$7)),2) -> 470.05 | I10: =ROUND((F10*H10),2) -> 2115.23 | K10: =ROUND((H10*N10),2) -> 2115.23 | N10: 4.5 | O10: =F10-N10 -> 0 | P10: =ROUND((H10*N10),2) -> 2115.23
A11: ='MEMÓRIAL DE CÁLCULO'!A11 -> 1.2 | B11: ='MEMÓRIAL DE CÁLCULO'!B11 -> SICOR-MG | C11: ='MEMÓRIAL DE CÁLCULO'!C11 -> ED-50276 | D11: ='MEMÓRIAL DE CÁLCULO'!D11 -> LOCAÇÃO TOPOGRÁFICA ACIMA DE CINQUENTA (50) PONTOS REFERENCIAIS, INCLUSIVE ESTACA (PIQUETE) DE MARCAÇÃO | E11: ='MEMÓRIAL DE CÁLCULO'!E11 -> UNID | F11: ='MEMÓRIAL DE CÁLCULO'!F11 -> 38 | G11: 44.1 | H11: =ROUND((G11*(1+$I$7)),2) -> 54.86 | I11: =ROUND((F11*H11),2) -> 2084.68 | K11: =ROUND((H11*N11),2) -> 2084.68 | N11: 38 | P11: =ROUND((H11*N11),2) -> 2084.68
A12: ='MEMÓRIAL DE CÁLCULO'!A12 -> 2 | B12: ='MEMÓRIAL DE CÁLCULO'!B12 -> 0 | C12: ='MEMÓRIAL DE CÁLCULO'!C12 -> 0 | D12: ='MEMÓRIAL DE CÁLCULO'!D12 -> TERRAPLANAGEM | E12: ='MEMÓRIAL DE CÁLCULO'!E12 -> 0 | I12: =ROUND((SUM(I13:I16)),2) -> 27505.29 | K12: =ROUND((H12*N12),2) -> 0 | O12: =F12-N12 -> 0 | P12: =ROUND((H12*N12),2) -> 0
A13: ='MEMÓRIAL DE CÁLCULO'!A13 -> 2.1 | B13: ='MEMÓRIAL DE CÁLCULO'!B13 -> SINAPI | C13: ='MEMÓRIAL DE CÁLCULO'!C13 -> 100576 | D13: ='MEMÓRIAL DE CÁLCULO'!D13 -> REGULARIZAÇÃO E COMPACTAÇÃO DE SUBLEITO DE SOLO PREDOMINANTEMENTE ARGILOSO, PARA OBRAS DE CONSTRUÇÃO DE PAVIMENTOS. AF_09/2024 | E13: ='MEMÓRIAL DE CÁLCULO'!E13 -> M2 | F13: ='MEMÓRIAL DE CÁLCULO'!F13 -> 2348.94 | G13: 3.06 | H13: =ROUND((G13*(1+$I$7)),2) -> 3.81 | I13: =ROUND((F13*H13),2) -> 8949.46 | K13: =ROUND((H13*N13),2) -> 8949.46 | N13: 2348.94 | O13: =F13-N13 -> 0 | P13: =ROUND((H13*N13),2) -> 8949.46
A14: ='MEMÓRIAL DE CÁLCULO'!A14 -> 2.2 | B14: ='MEMÓRIAL DE CÁLCULO'!B14 -> SINAPI | C14: ='MEMÓRIAL DE CÁLCULO'!C14 -> 101124 | D14: ='MEMÓRIAL DE CÁLCULO'!D14 -> ESCAVAÇÃO HORIZONTAL, INCLUINDO CARGA E DESCARGA EM SOLO DE 1A CATEGORIA COM TRATOR DE ESTEIRAS (100HP/LÂMINA: 2,19M3). AF_07/2020 | E14: ='MEMÓRIAL DE CÁLCULO'!E14 -> M3 | F14: ='MEMÓRIAL DE CÁLCULO'!F14 -> 234.89 | G14: 16 | H14: =ROUND((G14*(1+$I$7)),2) -> 19.9 | I14: =ROUND((F14*H14),2) -> 4674.31 | K14: =ROUND((H14*N14),2) -> 4674.31 | N14: 234.89 | O14: =F14-N14 -> 0 | P14: =ROUND((H14*N14),2) -> 4674.31
A15: ='MEMÓRIAL DE CÁLCULO'!A15 -> 2.3 | B15: ='MEMÓRIAL DE CÁLCULO'!B15 -> SINAPI | C15: ='MEMÓRIAL DE CÁLCULO'!C15 -> 95425 | D15: ='MEMÓRIAL DE CÁLCULO'!D15 -> TRANSPORTE COM CAMINHÃO BASCULANTE DE 18 M³, EM VIA URBANA EM LEITO NATURAL (UNIDADE: M3XKM). AF_07/2020 | E15: ='MEMÓRIAL DE CÁLCULO'!E15 -> M3XKM | F15: ='MEMÓRIAL DE CÁLCULO'!F15 -> 1127.47 | G15: 3.14 | H15: =ROUND((G15*(1+$I$7)),2) -> 3.91 | I15: =ROUND((F15*H15),2) -> 4408.41 | K15: =ROUND((H15*N15),2) -> 4408.41 | N15: 1127.47 | P15: =ROUND((H15*N15),2) -> 4408.41
A16: ='MEMÓRIAL DE CÁLCULO'!A16 -> 2.4 | B16: ='MEMÓRIAL DE CÁLCULO'!B16 -> SINAPI | C16: ='MEMÓRIAL DE CÁLCULO'!C16 -> 101767 | D16: ='MEMÓRIAL DE CÁLCULO'!D16 -> CONSTRUÇÃO DE BASE E SUB-BASE PARA PAVIMENTAÇÃO DE SOLO ESTABILIZADO GRANULOMETRICAMENTE COM MISTURA DE SOLOS EM PISTA - EXCLUSIVE SOLO, ESCAVAÇÃO, CARGA E TRANSPORTE. AF_09/2024 | E16: ='MEMÓRIAL DE CÁLCULO'!E16 -> M3 | F16: ='MEMÓRIAL DE CÁLCULO'!F16 -> 234.89 | G16: 32.42 | H16: =ROUND((G16*(1+$I$7)),2) -> 40.33 | I16: =ROUND((F16*H16),2) -> 9473.11 | K16: =ROUND((H16*N16),2) -> 9473.11 | N16: 234.89 | O16: =F16-N16 -> 0 | P16: =ROUND((H16*N16),2) -> 9473.11
A17: ='MEMÓRIAL DE CÁLCULO'!A17 -> 3 | D17: ='MEMÓRIAL DE CÁLCULO'!D17 -> PAVIMENTAÇÃO | I17: =ROUND((SUM(I18)),2) -> 261870.96 | K17: =ROUND((H17*N17),2) -> 0 | O17: =F17-N17 -> 0 | P17: =ROUND((H17*N17),2) -> 0
A18: ='MEMÓRIAL DE CÁLCULO'!A18 -> 3.1 | B18: ='MEMÓRIAL DE CÁLCULO'!B18 -> SINAPI | C18: ='MEMÓRIAL DE CÁLCULO'!C18 -> 92394 | D18: ='MEMÓRIAL DE CÁLCULO'!D18 -> EXECUÇÃO DE PAVIMENTO EM PISO INTERTRAVADO, COM BLOCO SEXTAVADO DE 25 X 25 CM, ESPESSURA 8 CM. AF_10/2022 | E18: ='MEMÓRIAL DE CÁLCULO'!E18 -> M2 | F18: ='MEMÓRIAL DE CÁLCULO'!F18 -> 2003.91 | G18: 105.05 | H18: =ROUND((G18*(1+$I$7)),2) -> 130.68 | I18: =ROUND((F18*H18),2) -> 261870.96 | K18: =ROUND((H18*N18),2) -> 261870.96 | N18: 2003.91 | O18: =F18-N18 -> 0 | P18: =ROUND((H18*N18),2) -> 261870.96
A19: ='MEMÓRIAL DE CÁLCULO'!A19 -> 4 | B19: ='MEMÓRIAL DE CÁLCULO'!B19 -> 0 | C19: ='MEMÓRIAL DE CÁLCULO'!C19 -> 0 | D19: ='MEMÓRIAL DE CÁLCULO'!D19 -> OBRAS COMPLEMENTARES DE PAVIMENTAÇÃO | E19: ='MEMÓRIAL DE CÁLCULO'!E19 -> 0 | I19: =ROUND((SUM(I20:I21)),2) -> 116635.64 | K19: =ROUND((H19*N19),2) -> 0 | O19: =F19-N19 -> 0 | P19: =ROUND((H19*N19),2) -> 0
A20: ='MEMÓRIAL DE CÁLCULO'!A20 -> 4.1 | B20: ='MEMÓRIAL DE CÁLCULO'!B20 -> SINAPI | C20: ='MEMÓRIAL DE CÁLCULO'!C20 -> 94289 | D20: ='MEMÓRIAL DE CÁLCULO'!D20 -> EXECUÇÃO DE SARJETA DE CONCRETO USINADO, MOLDADA IN LOCO EM TRECHO RETO, 45 CM BASE X 10 CM ALTURA. AF_01/2024 | E20: ='MEMÓRIAL DE CÁLCULO'!E20 -> M | F20: ='MEMÓRIAL DE CÁLCULO'!F20 -> 763.51 | G20: 49.11 | H20: =ROUND((G20*(1+$I$7)),2) -> 61.09 | I20: =ROUND((F20*H20),2) -> 46642.83 | K20: =ROUND((H20*N20),2) -> 46642.83 | N20: 763.51 | O20: =F20-N20 -> 0 | P20: =ROUND((H20*N20),2) -> 46642.83
A21: ='MEMÓRIAL DE CÁLCULO'!A21 -> 4.2 | B21: ='MEMÓRIAL DE CÁLCULO'!B21 -> SINAPI | C21: ='MEMÓRIAL DE CÁLCULO'!C21 -> 94273 | D21: ='MEMÓRIAL DE CÁLCULO'!D21 -> ASSENTAMENTO DE GUIA (MEIO-FIO) EM TRECHO RETO, CONFECCIONADA EM CONCRETO PRÉ-FABRICADO, DIMENSÕES 100X15X13X30 CM (COMPRIMENTO X BASE INFERIOR X BASE SUPERIOR X ALTURA). AF_01/2024 | E21: ='MEMÓRIAL DE CÁLCULO'!E21 -> M | F21: ='MEMÓRIAL DE CÁLCULO'!F21 -> 821.03 | G21: 68.53 | H21: =ROUND((G21*(1+$I$7)),2) -> 85.25 | I21: =ROUND((F21*H21),2) -> 69992.81 | K21: =ROUND((H21*N21),2) -> 69992.81 | N21: 821.03 | O21: =F21-N21 -> 0 | P21: =ROUND((H21*N21),2) -> 69992.81
A22: TOTAL DA OBRA | I22: =ROUND((SUM(I9,I12,I17,I19)),2) -> 410211.8 | O22: =F22-N22 -> 0 | P22: =ROUND((H22*N22),2) -> 0
K23: =SUM(K9:K21) -> 410211.8 | L23: =H23*F23 -> 0 | P23: =SUM(P9:P22) -> 410211.8
K24: =I22-K23 -> 0 | L24: =H24*F24 -> 0 | O24: =SUM(O10:O21) -> 0 | P24: =I22-P23 -> 0
L25: =H25*F25 -> 0
L26: =H26*F26 -> 0
L27: =H27*F27 -> 0
L28: =H28*F28 -> 0
L29: =H29*F29 -> 0
L30: =H30*F30 -> 0
L31: =H31*F31 -> 0
L32: =H32*F32 -> 0

Sheet BDI
A1: PREFEITURA MUNICIPAL DE FELISBURGO CNPJ 18.083.071/0001-60
A3: COMPOSIÇÃO DO BDI SEM DESONERAÇÃO
A4: OBRAS RODOVIARIAS DE ACORDO COM ACÓRDÃO TCU BDI (CONFORME ACÓRDÃO Nº 2622/13 e LEI Nº 13.161 DE 31/08/15)
A5: ='PLANILHA ORÇAMENTÁRIA'!A3:F3 -> PREFEITURA: PREFEITURA MUNICIPAL DE FELISBURGO-MG
A6: ='PLANILHA ORÇAMENTÁRIA'!A4:F4 -> OBJETO: PAVIMENTAÇÃO EM BLOCO SEXTAVADO EM VIAS DO PERÍMETRO URBANO NO MUNICÍPIO DE FELISBURGO-MG
A7: ='PLANILHA ORÇAMENTÁRIA'!A5:E5 -> LOCAL: RUA RIO BRANCO, RUA JOSÉ CAMPOS, RUA MANAUS, RUA BELÉM E RUA ISNALDO ALVES FERREIRA, BAIRRO CIDADE NOVA; RUA TEREZINA, BAIRRO BELA VISTA, FELISBURGO-MG
A8: ='PLANILHA ORÇAMENTÁRIA'!A6:E6 -> (REGIÃO/MÊS DE REFERÊNCIA): SINAPI-MG 04/2026 NÃO DESONERADO // SICOR-MG JEQUITINHONHA E MUCURI 01/2026 NÃO DESONERADO
A9: CÁLCULO DA BONIFICAÇÃO E DESPESAS INDIRETAS
A10: ITEM | B10: BDI GERAL
A11: 1 | B11: TAXAS GERAIS: TG = (1 + (AC + R + (S + G)))*(1 + DF)*(1 + L) | C11: SIGLA
A12: 1.1 | B12: ADMINISTRAÇÃO CENTRAL | C12: AC | D12: 0.0467
A13: 1.2 | B13: RISCOS | C13: R | D13: 0.0097
A14: 1.3 | B14: SEGUROS+GARANTIAS | C14: S+G | D14: 0.0074
A15: 1.4 | B15: DESPESAS FINANCEIRAS | C15: DF | D15: 0.0105
A16: 1.5 | B16: LUCRO | C16: L | D16: 0.0745
A17: 2 | B17: Taxas : T = (i°+i¹+i²+i³) | C17: T
A18: 2.1 | B18: COFINS | C18: i° | D18: 0.03
A19: 2.2 | B19: ISS | C19: i¹ | D19: 0.035
A20: 2.3 | B20: PIS | C20: i² | D20: 0.0065
A21: 2.4 | B21: CPRB | C21: i³ | D21: 0
A22: B.D.I. = { [TG / ( 1 - T)] - 1 } x 100 | D22: =ROUND((((1+(D12+D13+D14))*(1+D15)*(1+D16)/(1-(D18+D19+D20+D21)))-1),4) -> 0.244

Sheet CRONOGRAMA FÍSICO-FINANCEIRO
A1: PREFEITURA MUNICIPAL DE FELISBURGO CNPJ 18.083.071/0001-60
A2: ='PLANILHA ORÇAMENTÁRIA'!A3:F3 -> PREFEITURA: PREFEITURA MUNICIPAL DE FELISBURGO-MG
A3: ='PLANILHA ORÇAMENTÁRIA'!A4:F4 -> OBJETO: PAVIMENTAÇÃO EM BLOCO SEXTAVADO EM VIAS DO PERÍMETRO URBANO NO MUNICÍPIO DE FELISBURGO-MG | N3: ='PLANILHA ORÇAMENTÁRIA'!G4 -> DATA: | O3: =TODAY() -> 46225
A4: ='PLANILHA ORÇAMENTÁRIA'!A5:E5 -> LOCAL: RUA RIO BRANCO, RUA JOSÉ CAMPOS, RUA MANAUS, RUA BELÉM E RUA ISNALDO ALVES FERREIRA, BAIRRO CIDADE NOVA; RUA TEREZINA, BAIRRO BELA VISTA, FELISBURGO-MG
A5: ='PLANILHA ORÇAMENTÁRIA'!A6:E6 -> (REGIÃO/MÊS DE REFERÊNCIA): SINAPI-MG 04/2026 NÃO DESONERADO // SICOR-MG JEQUITINHONHA E MUCURI 01/2026 NÃO DESONERADO
A6: ='PLANILHA ORÇAMENTÁRIA'!A7:E7 -> PRAZO DE EXECUÇÃO: 04 MESES
A7: CRONOGRAMA FÍSICO-FINANCEIRO
A8: ITEM | B8: DESCRIÇÃO | D8: VALOR DOS SEVIÇOS | F8: Mês 1 | H8: Mês 2 | J8: Mês 3 | L8: Mês 4 | N8: TOTAL
D9: R$ | E9: % | F9: R$ | G9: % | H9: R$ | I9: % | J9: R$ | K9: % | L9: R$ | M9: % | N9: R$ | O9: %
A10: ='PLANILHA ORÇAMENTÁRIA'!A9 -> 1 | B10: ='PLANILHA ORÇAMENTÁRIA'!D9 -> SERVIÇOS PRELIMINARES | D10: ='PLANILHA ORÇAMENTÁRIA'!$I$9 -> 4199.91 | E10: =D10/$D$15 -> 0.010238394 | F10: =$D$10*G10 -> 4199.91 | G10: 1 | N10: =F10+H10+J10+L10 -> 4199.91 | O10: =G10+I10+K10+M10 -> 1
A11: ='PLANILHA ORÇAMENTÁRIA'!A12 -> 2 | B11: ='PLANILHA ORÇAMENTÁRIA'!D12 -> TERRAPLANAGEM | D11: ='PLANILHA ORÇAMENTÁRIA'!$I$12 -> 27505.29 | E11: =D11/$D$15 -> 0.067051435 | F11: =$D$11*G11 -> 27505.29 | G11: 1 | N11: =F11+H11+J11+L11 -> 27505.29 | O11: =G11+I11+K11+M11 -> 1
A12: ='PLANILHA ORÇAMENTÁRIA'!$A$17 -> 3 | B12: ='PLANILHA ORÇAMENTÁRIA'!$D$17 -> PAVIMENTAÇÃO | D12: ='PLANILHA ORÇAMENTÁRIA'!$I$17 -> 261870.96 | E12: =D12/$D$15 -> 0.63837988 | F12: =$D$12*G12 -> 65467.74 | G12: 0.25 | H12: =$D$12*I12 -> 91654.836 | I12: 0.35 | J12: =$D$12*K12 -> 52374.192 | K12: 0.2 | L12: =$D$12*M12 -> 52374.192 | M12: 0.2 | N12: =F12+H12+J12+L12 -> 261870.96 | O12: =G12+I12+K12+M12 -> 1
A13: ='PLANILHA ORÇAMENTÁRIA'!$A$19 -> 4 | B13: ='PLANILHA ORÇAMENTÁRIA'!$D$19 -> OBRAS COMPLEMENTARES DE PAVIMENTAÇÃO | D13: ='PLANILHA ORÇAMENTÁRIA'!$I$19 -> 116635.64 | E13: =D13/$D$15 -> 0.28433029 | J13: =$D$13*K13 -> 58317.82 | K13: 0.5 | L13: =$D$13*M13 -> 58317.82 | M13: 0.5 | N13: =F13+H13+J13+L13 -> 116635.64 | O13: =G13+I13+K13+M13 -> 1
B15: TOTAL | D15: =SUM(D10:D13) -> 410211.8 | E15: =SUM(E10:E13) -> 1 | F15: =SUM(F10:F13) -> 97172.94 | G15: =F15/$D$15 -> 0.2368848 | H15: =SUM(H10:H13) -> 91654.836 | I15: =H15/$D$15 -> 0.22343296 | J15: =SUM(J10:J13) -> 110692.01 | K15: =J15/$D$15 -> 0.26984112 | L15: =SUM(L10:L13) -> 110692.01 | M15: =L15/$D$15 -> 0.26984112 | N15: =SUM(N10:N13) -> 410211.8 | O15: =N15/$D$15 -> 1
B16: TOTAL ACUMULADO | D16: =SUM(D10:D13) -> 410211.8 | E16: 1 | F16: =F15 -> 97172.94 | G16: =G15 -> 0.2368848 | H16: =H15+F16 -> 188827.78 | I16: =I15+G16 -> 0.46031776 | J16: =J15+H16 -> 299519.79 | K16: =K15+I16 -> 0.73015888 | L16: =L15+J16 -> 410211.8 | M16: =M15+K16 -> 1
B22: ___________________________________________________________ | H22: ___________________________________________________________
